 Dungeon Crawl Stone Soup version 0.25-a0-356-g7c9d860b3b (webtiles) character file.

Game seed: 18002192758737390339, levelgen mode: deterministic

170 Borgoz the Cudgeler (level 5, -1/32 HPs)
             Began as a Gargoyle Gladiator on Jan 3, 2020.
             Slain by Crazy Yiuf
             ... wielding a +4 quarterstaff of chaos
              (12 damage)
             ... on level 2 of the Dungeon.
             The game lasted 00:01:50 (2037 turns).

Borgoz the Cudgeler (Gargoyle Gladiator)            Turns: 2037, Time: 00:01:50

Health: -1/32      AC:  8    Str: 19    XL:     5   Next: 50%
Magic:  2/5        EV: 18    Int:  8    God:
Gold:   109        SH:  0    Dex: 16    Spells: 4/4 levels left

rFire    . . .     SeeInvis .   a - +0 flail
rCold    . . .     Gourm    .   (no shield)
rNeg     + . .     Faith    .   b - +0 leather armour
rPois    ∞         Spirit   .   c - +0 helmet
rElec    +         Reflect  .   (no cloak)
rCorr    .         Harm     .   (no gloves)
MR       .....                  (no boots)
Stlth    ++........             (no amulet)
HPRegen  0.10/turn              (no ring)
MPRegen  0.09/turn              (no ring)

@: agile
A: negative energy resistance 1, electricity resistance, unbreathing,
petrification resistance, rot immunity, AC +4
a: no special abilities


You were on level 2 of the Dungeon.
You were hungry.

You visited 1 branch of the dungeon, and saw 2 of its levels.

You collected 109 gold pieces.

Inventory:

Hand Weapons
 a - a +0 flail (weapon)
Armour
 b - a +0 leather armour (worn)
 c - a +0 helmet (worn)
Scrolls
 g - a scroll of random uselessness {unknown}
 h - 3 scrolls of magic mapping
 j - a scroll of enchant weapon {unknown}
 k - a scroll of fog {unknown}
 l - a scroll of enchant armour {unknown}
 m - 3 scrolls of remove curse {unknown}
 o - 2 scrolls of identify {unknown}
Potions
 e - a potion of invisibility {unknown}
 i - a potion of magic {unknown}
 p - a potion of mutation {unknown}
 q - 2 potions of curing
 r - a potion of lignification {unknown}
 s - a potion of flight {unknown}
Comestibles
 f - 5 rations


   Skills:
 + Level 3.5 Fighting
 * Level 4.7 Maces & Flails
 - Level 1.7 Throwing
 + Level 2.5 Armour
 - Level 2.4 Dodging


You had 4 spell levels left.
You didn't know any spells.
Your spell library was empty.

Dungeon Overview and Level Annotations

Branches:
Dungeon (2/15)

Altars:
Uskayaw
Yredelemnul
The Shining One

Annotations:
D:2 Crazy Yiuf


Innate Abilities, Weirdness & Mutations

You are resistant to torment.
Your stone body is resilient. (AC +4)
You are immune to poison.
You resist negative energy. (rN+)
You are resistant to electric shocks. (rElec)
You can survive without breathing.
You are immune to petrification.
You are immune to rotting.


Message History

Crazy Yiuf is lightly wounded.
Crazy Yiuf struggles against the net.
Crazy Yiuf says, "Citrus testudinal meccalolo!"
Crazy Yiuf struggles against the net.
You sock Crazy Yiuf!
Crazy Yiuf is heavily wounded.
Crazy Yiuf screams, "Blight canine hand!"
Crazy Yiuf struggles against the net.
You catch the helpless Crazy Yiuf completely off-guard!
You hit Crazy Yiuf.
Crazy Yiuf is severely wounded.
Crazy Yiuf struggles against the net.
The net rips apart, and Crazy Yiuf comes free!
You completely miss Crazy Yiuf.
Crazy Yiuf is severely wounded.
Crazy Yiuf misses you.
You barely miss Crazy Yiuf.
Crazy Yiuf is severely wounded.
Crazy Yiuf hits you with a +4 quarterstaff of chaos!
You die...

#....#####.##.....#.
#+..+# #...........
♣....♣ #...#.....##
♣...♣♣ #######'###
♣♣.♣♣ #...# ♣.♣♣
#°.○# ♣♣.♣ #...#
♣.♣♣ #○..### ♣♣@♣
#._.##. *#g#*
#○.○### *...* #####
#...# ##A## #.()#
##### #####


You could see Crazy Yiuf.

Vanquished Creatures
  Jessica (D:2)
  Natasha (thrice) (D:2)
  2 adders (D:2)
  An ooze (D:2)
  2 leopard geckos
  2 giant cockroaches (D:1)
  8 goblins
  8 hobgoblins
  3 jackals (D:1)
  6 kobolds
  A ball python (D:1)
  A bat (D:1)
  A frilled lizard (D:2)
  5 rats
44 creatures vanquished.

Notes
Turn   | Place    | Note
-------+----------+-------------------------------------------
     0 | D:1      | Borgoz the Gargoyle Gladiator began the quest for the Orb.
     0 | D:1      | Reached XP level 1. HP: 12/12 MP: 1/1
   187 | D:1      | Reached XP level 2. HP: 16/18 MP: 2/2
   378 | D:1      | Reached skill level 1 in Armour
   474 | D:1      | Reached XP level 3. HP: 22/22 MP: 3/3
   985 | D:2      | Noticed Natasha
   996 | D:2      | Killed Natasha
  1012 | D:2      | Found a hide-covered altar of Uskayaw.
  1082 | D:2      | Reached skill level 4 in Maces & Flails
  1082 | D:2      | Reached XP level 4. HP: 20/28 MP: 4/4
  1319 | D:2      | Noticed Natasha
  1333 | D:2      | Killed Natasha
  1640 | D:2      | Noticed Natasha
  1650 | D:2      | Killed Natasha
  1650 | D:2      | Reached XP level 5. HP: 27/32 MP: 5/5
  1708 | D:2      | Found a glowing golden altar of the Shining One.
  1710 | D:2      | Noticed an angel
  1720 | D:2      | Found a basalt altar of Yredelemnul.
  1722 | D:2      | Noticed a profane servitor
  1852 | D:2      | Noticed Jessica
  1856 | D:2      | Killed Jessica
  2023 | D:2      | Found a runed translucent door.
  2024 | D:2      | Noticed Crazy Yiuf
  2037 | D:2      | Slain by Crazy Yiuf

Levels and vault maps discovered:
D:1:      onia_arrival_mini_maze, layout_basic, serial_corexii_hall,
          corexii_hall_statues_i, chequers_hall_statues_wall_a,
          chequers_hall_statues_y, corexii_hall_statues_x,
          chequers_hall_statues_wall_a, chequers_hall_statues_corner_a,
          dk_noncrumbling_2
D:2:      minmay_inner_zag, layout_loops_ring, grunt_temple_overflow_holy_war,
          lemuel_doored_altar, first_ration, uniq_natasha,
          uniq_crazy_yiuf_cottage, uniq_jessica

Skill      XL: |  1  2  3  4 |
---------------+-------------+-----
Armour         | 1 2 |  2.5
Fighting       | 3 |  3.5
Maces & Flails | 4 |  4.7
Throwing       | |  1.7
Dodging        | |  2.4

Action                   |  1- 3 |  4- 6 || total
-------------------------+-------+-------++-------
Melee: Flail             |    79 |    68 ||   147
Throw: Throwing net      |       |     3 ||     3
  Use: Scroll            |       |     1 ||     1
       Potion            |       |     1 ||     1
 Stab: Held in net/web   |       |     1 ||     1
  Eat: Chunk             |     1 |     2 ||     3
Armor: Leather armour    |    55 |    19 ||    74
Dodge: Dodged            |    86 |    36 ||   122

Table legend:
 A = Non-vault XP
 B = Vault XP
 C = Vault XP percentage of total XP
 D = Non-vault monster count
 E = Vault monster count
 F = Vault count percentage of total count
                 A         B        C        D         E       F
            +---------+---------+-------+---------+---------+-------
      Total |     152 |      91 |  37.4 |      38 |       6 |  13.6
            +---------+---------+-------+---------+---------+-------
        D:1 |      37 |       0 |   0.0 |      21 |       0 |   0.0
        D:2 |     115 |      91 |  44.2 |      17 |       6 |  26.1
            +---------+---------+-------+---------+---------+-------
